 Dungeon Crawl Stone Soup version 0.26-a0-708-g17f3b19 (webtiles) character file.

Game seed: 12964959926921854228

6202 Mopster the Cleaver (level 10, 89/89 HPs)
             Began as a Minotaur Fighter on Oct 26, 2020.
             Was a Priest of Okawaru.
             Quit the game on level 9 of the Dungeon on Oct 27, 2020.
             The game lasted 00:20:41 (8898 turns).

Mopster the Cleaver (Minotaur Fighter)              Turns: 8898, Time: 00:20:42

Health: 89/89      AC: 14    Str: 22    XL:     10   Next: 61%
Magic:  9/9        EV: 11    Int:  5    God:    Okawaru [***...]
Gold:   421        SH: 11    Dex: 12    Spells: 7/9 levels left

rFire    . . .     SeeInvis +   a - +0 war axe
rCold    . . .     Faith    .   D - +0 kite shield
rNeg     . . .     Spirit   .   b - +1 scale mail
rPois    .         Reflect  .   w - +2 hat
rElec    .         Harm     .   (no cloak)
rCorr    +         Rampage  .   (no gloves)
MR       .....                  e - +2 pair of boots {Stlth+}
Stlth    +.........             (no amulet)
HPRegen  0.24/turn              q - ring of see invisible
MPRegen  0.11/turn              y - ring of resist corrosion

@: no status effects
A: retaliatory headbutt, horns 2
a: Heroism, Renounce Religion


You were on level 9 of the Dungeon.
You worshipped Okawaru.
Okawaru was most pleased with you.
You visited 2 branches of the dungeon, and saw 10 of its levels.

You collected 421 gold pieces.

Inventory:

Hand Weapons
 a - a +0 war axe (weapon)
Armour
 b - a +1 scale mail (worn)
 c - a +0 ring mail of cold resistance
 e - a +2 pair of boots of stealth (worn)
 w - a +2 hat (worn)
 D - a +0 kite shield (worn)
Jewellery
 q - a ring of see invisible (left hand)
 y - a ring of resist corrosion (right hand)
Wands
 d - a wand of enslavement (7)
 h - a wand of iceblast (13)
 A - a wand of polymorph (12)
 C - a wand of acid (5)
Scrolls
 g - a scroll of fear
 i - 3 scrolls of teleportation
 l - 2 scrolls of remove curse
 m - a scroll of fog
 n - 2 scrolls of immolation
 p - 2 scrolls of magic mapping
 r - a scroll of random uselessness
 s - 2 scrolls of enchant weapon
 x - a scroll of noise
 F - a scroll of identify
Potions
 f - 4 potions of lignification
 j - 4 potions of curing {unknown}
 k - a potion of haste {unknown}
 o - a potion of brilliance {unknown}
 t - a potion of resistance {unknown}
 u - a potion of stabbing {unknown}
 v - a potion of heal wounds {unknown}
 z - a potion of magic {unknown}
 B - a potion of cancellation {unknown}
 E - a potion of flight {unknown}


   Skills:
 + Level 8.3 Fighting
 * Level 13.0 Axes
 + Level 8.0 Armour
 + Level 4.0 Dodging
 + Level 9.1 Shields
 + Level 0.1 Invocations


You had 7 spell levels left.
You knew the following spells:

 Your Spells              Type           Power        Failure   Level
a - Blink                 Tloc           N/A          99%         2

Your spell library contained the following spells:

 Spells                   Type           Power        Failure   Level
 Animate Skeleton         Necr           #.....       95%         1
 Magic Dart               Conj           #...         95%         1
 Pain                     Necr           #...         95%         1
 Call Imp                 Summ           #.......     99%         2
 Slow                     Hex            #.......     99%         2
 Conjure Flame            Conj/Fire      #.......     100%        3
 Mephitic Cloud           Conj/Pois/Air  #.......     100%        3
 Vampiric Draining        Necr           #.........   100%        3
 Animate Dead             Necr           #.........   100%        4
 Agony                    Necr           #.......     100%        5


Dungeon Overview and Level Annotations

Branches:
Dungeon (9/15)             Temple (1/1) D:6
   Lair: D:8-11         Orc: D:9-12

Altars:
Ashenzari
Cheibriados
Dithmenos
Elyvilon
Fedhas
Gozag
Hepliaklqana
Kikubaaqudgha
Makhleb
Nemelex Xobeh
Okawaru
Qazlal
Ru
Sif Muna
Trog
Uskayaw
Vehumet
Wu Jian
Xom
Yredelemnul
Zin
The Shining One


Innate Abilities, Weirdness & Mutations

You reflexively headbutt those who attack you in melee.
You have a pair of horns on your head.


Message History

Confirm with . or Enter, or press ? or * to list all spells.
Okay, then.
Welcome back, Mopster the Minotaur Fighter.
Okawaru says: Bring me glory in combat!
Press ? for a list of commands and other information.
Done exploring.
Casting: Blink (dangerous; 99% risk of failure)
Confirm with . or Enter, or press ? or * to list all spells.
Okay, then.
There is a stone staircase leading down here.
You climb downwards.
There is a stone staircase leading up here.
Found a ring mail.
f - 4 potions of lignification (gained 1)
There are no items here.
You see here a ring mail.
Found a stone staircase leading up.
Quiver which item? (- for none, * to show all) (? for menu, Esc to quit)
Okay, then.
Are you sure you want to abandon this character and quit the game? (Confirm with "yes".)

##### ##...## ##.###.##
##.## ##.## #<##
##.########.# #.#
#.....@....# #.##
##.#######..# ##.#####.##
#....<. ##.....## #...# #
# ###.#.### #...# #.#
#...#...#######...###.#.#
#.#####..[)..##.... .....
#...#...####.##.#.###.#.#
###[#.###
#.##.#.#...#.###


There were no monsters in sight!

Vanquished Creatures
  The ghost of edsrzf the Cleaver, a novice HuBe of Trog (D:8)
  Pikel (D:4)
  Prince Ribbit (D:8)
  6 yaks (D:9)
  2 water moccasins
  An orc warrior (D:7)
  A phantom (D:5)
  2 ice beasts
  3 ogres (D:4)
  5 centaurs
  A lemure (D:4)
  12 big kobolds (D:8)
  4 bullfrogs
  A wyvern zombie (D:7)
  A vampire bat (D:5)
  8 wights
  4 howler monkeys
  A bullfrog zombie (D:7)
  5 hounds
  2 bullfrog skeletons (D:6)
  4 orc priests
  8 orc wizards
  A gnoll shaman (D:6)
  An iguana (D:6)
  8 worker ants
  A hound zombie (D:6)
  2 hound skeletons (D:5)
  2 worker ant zombies
  7 gnolls
  6 adders
  2 white imps
  2 ufetubi
  An ooze (D:2)
  An adder zombie (D:5)
  2 worms (D:3)
  A dart slug (D:4)
  3 fire bats (D:5)
  3 leopard geckos
  25 orcs
  2 spectral bats (D:5)
  3 bat skeletons (D:5)
  A bat zombie (D:5)
  5 giant cockroaches
  9 hobgoblins
  7 jackals
  4 quokkas
  3 ball pythons
  13 bats
  A bat simulacrum (D:5)
  7 frilled lizards
  6 goblins
  8 kobolds
  8 rats
219 creatures vanquished.

Vanquished Creatures (others)
  A giant cockroach (D:4)
  A fungus (D:8)
  A plant (D:8)
3 creatures vanquished.

Grand Total: 222 creatures vanquished

Notes
Turn   | Place    | Note
-------+----------+-------------------------------------------
     0 | D:1      | Mopster the Minotaur Fighter began the quest for the Orb.
     0 | D:1      | Reached XP level 1. HP: 19/19 MP: 0/0
   224 | D:1      | Reached XP level 2. HP: 25/27 MP: 1/1
   959 | D:2      | Found an ornate altar of the Wu Jian Council.
  1021 | D:2      | Reached XP level 3. HP: 33/33 MP: 2/2
  1117 | D:2      | Reached skill level 3 in Axes
  1212 | D:2      | Found a shimmering blue altar of Sif Muna.
  1493 | D:2      | Reached XP level 4. HP: 40/40 MP: 3/3
  1727 | D:3      | Reached skill level 5 in Shields
  1940 | D:3      | Reached XP level 5. HP: 34/47 MP: 4/4
  1942 | D:3      | Reached skill level 4 in Axes
  2741 | D:4      | Reached skill level 1 in Dodging
  2741 | D:4      | Reached XP level 6. HP: 11/55 MP: 5/5
  2748 | D:4      | Reached skill level 5 in Axes
  3089 | D:4      | Noticed Pikel
  3103 | D:4      | Killed Pikel
  3103 | D:4      | Reached skill level 5 in Fighting
  3103 | D:4      | Reached skill level 6 in Axes
  3103 | D:4      | Reached skill level 5 in Armour
  3103 | D:4      | Reached XP level 7. HP: 40/61 MP: 6/6
  3194 | D:4      | Reached skill level 7 in Axes
  3322 | D:4      | Reached XP level 8. HP: 70/70 MP: 7/7
  3510 | D:4      | Found a white marble altar of Elyvilon.
  3761 | D:5      | Entered Level 5 of the Dungeon
  3952 | D:5      | Reached skill level 8 in Axes
  4263 | D:5      | Found a shadowy altar of Dithmenos.
  4434 | D:5      | Reached skill level 9 in Axes
  4811 | D:5      | Reached XP level 9. HP: 43/78 MP: 8/8
  5155 | D:6      | Found a staircase to the Ecumenical Temple.
  5168 | Temple   | Entered the Ecumenical Temple
  5419 | D:6      | Found a stormy altar of Qazlal.
  5476 | D:6      | Found a glowing golden altar of the Shining One.
  5560 | D:6      | Found an iron altar of Okawaru.
  5573 | D:6      | Became a worshipper of Warmaster Okawaru
  6086 | D:7      | Reached skill level 10 in Axes
  6324 | D:7      | Reached * piety under Okawaru
  6505 | D:7      | Reached skill level 11 in Axes
  7109 | D:8      | Noticed Prince Ribbit
  7208 | D:8      | Got a masterwork hand axe
  7216 | D:8      | Identified the cursed +0 hand axe "Aticzued" {vorpal, rF+
                  | Str-3 Int+3} (You found it on level 8 of the Dungeon)
  7253 | D:8      | Killed Prince Ribbit
  7694 | D:8      | Found a runed translucent gate.
  7694 | D:8      | Found a runed translucent gate.
  7694 | D:8      | Found a runed translucent gate.
  7695 | D:8      | Noticed edsrzf's ghost (novice HuBe)
  7710 | D:8      | Reached XP level 10. HP: 86/86 MP: 6/9
  7715 | D:8      | Reached ** piety under Okawaru
  7735 | D:8      | Killed edsrzf's ghost
  7735 | D:8      | Reached skill level 12 in Axes
  8488 | D:9      | Reached *** piety under Okawaru
  8505 | D:9      | Reached skill level 13 in Axes
  8813 | D:8      | Learned a level 2 spell: Blink
  8868 | D:8      | Upgraded the game from 0.26-a0-707-g31817bc to
                  | 0.26-a0-708-g17f3b19
  8898 | D:9      | Quit the game

Illustrated notes

Levels and vault maps discovered:
D:1:      dpeg_arrival_rhombi, layout_basic, minmay_fountain_box,
          minmay_misc_feat_diagonals, minmay_door_square
D:2:      layout_basic, nicolae_overflow_crystal_walls, old_standard_altar
D:3:      layout_basic, grunt_decor_cap
D:4:      layout_loops_ring, elyvilon_altar_4, uniq_pikel
D:5:      layout_basic, kennysheep_mini, st_stairs_5, goddamned_bats
D:6:      layout_rooms, okawaru_ov_weapons_minmay,
          nicolae_overflow_hidden_temple, minmay_temple_entry_stoned_glass,
          glass_columns_b
D:7:      layout_gridville
D:8:      layout_cave_pods, gammafunk_ghost_nasty_kobolds, uniq_prince_ribbit1
D:9:      layout_loops_ring, lair_entry_dummy, orc_david_3
Temple:   regret_index_temple_waves

Skill      XL: |  1  2  3  4  5  6  7  8  9 10 |
---------------+-------------------------------+-----
Shields        | 4 5 6 7 8 9 |  9.1
Fighting       | 4 5 6 7 8 |  8.3
Axes           | 3 4 6 7 9 11 13 | 13.0
Armour         | 4 5 6 7 8 |  8.0
Dodging        | 1 2 3 4 |  4.0
Invocations    | |  0.1

Action                   |  1- 3 |  4- 6 |  7- 9 | 10-12 || total
-------------------------+-------+-------+-------+-------++-------
Melee: War axe           |    86 |   125 |   321 |    67 ||   599
       Headbutt          |    10 |    23 |    59 |    16 ||   108
Invok: Heroism           |       |       |     1 |       ||     1
Evoke: Wand              |       |       |     2 |       ||     2
  Use: Scroll            |       |       |    12 |       ||    12
       Potion            |       |       |     1 |       ||     1
Armor: Scale mail        |    34 |    65 |   148 |    20 ||   267
Dodge: Dodged            |    21 |    44 |   127 |    29 ||   221
Block: Kite shield       |    57 |    75 |   200 |    45 ||   377

Table legend: (Time is in decaauts)
 A = Elapsed time spent in this place.
 B = Non-inter-level travel time spent in this place.
 C = Inter-level travel time spent in this place.
 D = Time resting spent in this place.
 E = Time spent auto-exploring this place.
 F = Levels seen in this place.
 G = Mean time per level.
                   A        B        C        D        E       F      G
               +--------+--------+--------+--------+--------+-----+--------+
         Total |   9006 |   8507 |    499 |    958 |   6223 |  10 |  900.6 |
       Dungeon |   8855 |   8441 |    414 |    958 |   6159 |   9 |  983.9 |
        Temple |    151 |     66 |     85 |      0 |     63 |   1 |  151.0 |
               +--------+--------+--------+--------+--------+-----+--------+

Top non-repeatable levels by time:
     D:8: 1682 daAuts
     D:4: 1246 daAuts
     D:5: 1120 daAuts
     D:3: 1056 daAuts
     D:6: 940 daAuts
     D:7: 911 daAuts
     D:2: 877 daAuts
     D:1: 800 daAuts
     D:9: 219 daAuts
  Temple: 151 daAuts
